 Dungeon Crawl Stone Soup version 0.30.1-3-gfc49f6343a (webtiles) character file.

Game seed: 9323605043289473459

3270 sampeng1 the Trooper (level 10, -4/77 HPs)
             Began as a Human Fighter on July 30, 2023.
             Was an Initiate of Trog.
             Slain by a vampire (6 damage)
             ... on level 8 of the Dungeon.
             The game lasted 00:19:57 (8709 turns).

sampeng1 the Trooper (Human Fighter)                Turns: 8709, Time: 00:19:57

Health: -4/77      AC: 15    Str: 20    XL:     10   Next: 19%
Magic:  10/10      EV: 13    Int: 10    God:    Trog [......]
Gold:   454        SH:  6    Dex: 14    Spells: 9/9 levels left

rFire   . . .        a - +0 war axe
rCold   . . .        c - +0 buckler
rNeg    . . .        H - +0 plate armour
rPois   +            (no helmet)
rElec   .            s - +0 cloak of the Lemon {Will+ Int+2 Slay+6 Stlth+}
rCorr   .            f - +0 pair of gloves {hurl}
SInv    .            (no boots)
Will    +....        (no amulet) Stlth
                     e - ring of poison resistance
HPRegen 0.32/turn    m - +5 ring of evasion
MPRegen 0.12/turn

%: no passive effects
@: no status effects
A: no striking features
a: Renounce Religion


You were on level 8 of the Dungeon.
You worshipped Trog.
Trog was noncommittal.
You visited 2 branches of the dungeon, and saw 9 of its levels.
You also visited: Sewer.

You collected 454 gold pieces.

Inventory:

Hand Weapons
 a - a +0 war axe (weapon)
Missiles
 p - 2 silver javelins
 v - 12 boomerangs (quivered)
 w - 4 javelins
 y - 19 poisoned darts
Armour
 c - a +0 buckler (worn)
 f - a +0 pair of gloves of hurling (worn)
 s - the +0 cloak of the Lemon (worn) {Will+ Int+2 Slay+6 Stlth+}
   (You found it on level 4 of the Dungeon)

   Int:       It affects your intelligence (+2).
   Slay:      It affects your accuracy & damage with ranged weapons and melee
   (+6).
   Will:      It increases your willpower.
   Stlth:     It makes you more stealthy.
 D - a +0 chain mail
 H - a +0 plate armour (worn)
Jewellery
 e - a ring of poison resistance (left hand)
 m - a +5 ring of evasion (right hand)
 t - a ring of protection from fire
 u - a ring of protection from cold
Wands
 j - a wand of acid (6)
 G - a wand of paralysis (6)
Scrolls
 b - a scroll of fog {unknown}
 k - a scroll of magic mapping {unknown}
 o - a scroll of silence
 r - 5 scrolls of identify
 x - 2 scrolls of teleportation {unknown}
 z - 2 scrolls of amnesia {unknown}
 B - a scroll of immolation {unknown}
 E - 4 scrolls of poison {unknown}
 F - a scroll of enchant weapon {unknown}
Potions
 d - 2 potions of might
 g - 2 potions of curing
 h - 2 potions of haste
 i - a potion of ambrosia
 l - a potion of brilliance
 n - a potion of invisibility
 q - 2 potions of attraction
 A - 3 potions of mutation
 C - 3 potions of resistance


   Skills:
 + Level 6.9 Fighting
 + Level 6.4 Axes
 + Level 1.6 Throwing
 + Level 6.8 Armour
 + Level 5.4 Dodging
 + Level 6.8 Shields


You had 9 spell levels left.
You didn't know any spells.
Your spell library contained the following spells:

 Spells                   Type           Power      Damage    Failure   Level
 Freeze                   Ice            0%         1d3       100%        1
 Magic Dart               Conj           0%         1d3       100%        1
 Blink                    Tloc           0%         N/A       100%        2
 Call Imp                 Summ           0%         N/A       100%        2
 Lesser Beckoning         Tloc           0%         N/A       100%        2
 Momentum Strike          Conj/Tloc      0%         3d8       100%        2
 Frozen Ramparts          Ice            0%         1d1       100%        3
 Hailstorm                Conj/Ice       0%         3d3       100%        3
 Inner Flame              Hex/Fire       0%         N/A       100%        3
 Mephitic Cloud           Conj/Pois/Air  0%         N/A       100%        3
 Flame Wave               Conj/Fire      0%         2d4       100%        4
 Manifold Assault         Tloc           0%         N/A       100%        4
 Sticky Flame             Conj/Fire      0%         2d3       100%        4
 Storm Form               Tmut/Air       0%         N/A       100%        7


Dungeon Overview and Level Annotations

Branches:
Dungeon (8/15)             Temple (1/1) D:7            Lair (0/5) D:8
  Sewer (visited)

Altars:
Ashenzari
Cheibriados
Dithmenos
Elyvilon
Fedhas
Gozag
Hepliaklqana
Makhleb
Nemelex Xobeh
Qazlal
Sif Muna
Trog
Uskayaw
Vehumet
Xom
Yredelemnul
Zin
The Shining One

Shops:
D:1 !*[*(


Message History

Something draws strength from your injuries!
You miss something. You block something's attack.
Something bites you but does no damage.
You hit something. Something barely misses you. Something bites you!
Something draws strength from your injuries!
You slash something! Something hits you. You block something's attack.
You hit something. Something hits you but does no damage.
Something bites you but does no damage.
You barely miss something. Something hits you but does no damage.
Something bites you!
Something draws strength from your injuries!
Something hits you but does no damage. Something bites you.
Something draws strength from your injuries!
You slice something!! Something hits you but does no damage.
Something bites you!
Something draws strength from your injuries!
You closely miss something. Something hits you but does no damage.
Something bites you.
Something draws strength from your injuries!
You hit something but do no damage. Something hits you!
* * * LOW HITPOINT WARNING * * *
Something bites you!
* * * LOW HITPOINT WARNING * * *
Something draws strength from your injuries!
You feel better. You block something's attack. Something bites you.
* * * LOW HITPOINT WARNING * * *
Something draws strength from your injuries!
You hit something but do no damage. Something hits you but does no damage.
Something bites you!
* * * LOW HITPOINT WARNING * * *
Something draws strength from your injuries!
Okay, then.
Something hits you.
* * * LOW HITPOINT WARNING * * *
Something bites you!
* * * LOW HITPOINT WARNING * * *
Something draws strength from your injuries!
You miss something. Something hits you but does no damage.
Something bites you but does no damage. Something hits you.
You die...

.#...≈...#.##....
#..#...#..###..#.
#.##PP.##.# #..#.
#.....P...###..#. #
#≈..P>...≈#....#. #.###
#.....P...####.#. ###....
#.##...##.#....#.
#......###..#...#..######.
+.....>'.@#...≈...#.......
#......##...)###.....####.
#...... #...............'.
#...... ##'####.####.####.
#...... #....##.# #..# #.
####### #....##.# ##.###.
#....##.# #...'. ##+####.#
#..##. #.# #...#.


There were no monsters in sight!

Vanquished Creatures
  Grinder (Sewer)
  2 wyverns (D:7)
  A wraith (D:8)
  2 steam dragons
  2 orc warriors (D:8)
  Pargi (D:3)
  A sky beast (D:7)
  An ice beast (D:5)
  2 black bears
  An ogre (D:4)
  3 centaurs
  2 kobold brigands
  A phantom (D:4)
  2 bullfrogs
  A necrophage (Sewer)
  A gnoll sergeant (D:8)
  2 scorpions
  A wight (Sewer)
  2 howler monkeys
  4 hounds
  3 orc priests
  3 gnoll boudas (D:7)
  A jelly (D:4)
  A sleepcap (D:4)
  2 iguanas (D:5)
  An orc wizard (D:5)
  Terence (D:3)
  5 adders
  9 gnolls (D:7)
  3 shadow imps
  2 white imps (D:7)
  An ufetubus (Sewer)
  A worm (D:3)
  2 dart slugs
  15 orcs
  6 ball pythons
  2 bat zombies (Sewer)
  8 endoplasms
  3 giant cockroaches
  10 goblins
  8 hobgoblins
  8 jackals
  22 kobolds
  A quokka (D:3)
  4 bats
  2 frilled lizards (D:3)
  A kobold zombie (Sewer)
  4 rats
162 creatures vanquished.

Notes
Turn   | Place    | Note
-------+----------+-------------------------------------------
     0 | D:1      | sampeng1 the Human Fighter began the quest for the Orb.
     0 | D:1      | Reached XP level 1. HP: 18/18 MP: 1/1
     4 | D:1      | Found Keulic's Distillery.
    37 | D:1      | Found Yhuboz's Antique Armour Emporium.
    70 | D:1      | Found Iloqul's Weapon Shop.
   101 | D:1      | Reached XP level 2. HP: 20/24 MP: 2/2
   245 | D:1      | Found Cujalaf's General Store.
   350 | D:1      | Reached XP level 3. HP: 28/29 MP: 3/3
   386 | D:1      | Found Upirun's Assorted Antiques.
  1365 | D:3      | Noticed Pargi
  1384 | D:3      | Killed Pargi
  1385 | D:3      | Reached XP level 4. HP: 14/37 MP: 4/4
  1385 | D:3      | Reached XP level 5. HP: 16/42 MP: 5/5
  1536 | D:3      | Noticed Terence
  1546 | D:3      | Killed Terence
  1979 | D:4      | Reached XP level 6. HP: 42/48 MP: 6/6
  2016 | D:4      | Reached skill level 1 in Dodging
  2139 | D:4      | Noticed an ogre
  2143 | D:4      | Killed an ogre
  2430 | D:4      | Reached XP level 7. HP: 52/55 MP: 7/7
  2560 | D:4      | Identified the +0 cloak of the Lemon {Will+ Int+2 Slay+6
                  | Stlth+}
  2989 | D:5      | Entered Level 5 of the Dungeon
  3231 | D:5      | Found a radiant altar of Vehumet.
  3911 | D:6      | Reached XP level 8. HP: 61/61 MP: 8/8
  3991 | D:6      | Found a glowing drain.
  4005 | Sewer    | Entered a sewer
  4083 | Sewer    | Found an ancient bone altar of Kikubaaqudgha.
  4095 | Sewer    | Reached skill level 5 in Fighting
  4095 | Sewer    | Reached skill level 5 in Armour
  4098 | Sewer    | Reached skill level 5 in Shields
  4187 | Sewer    | Noticed Grinder
  4203 | Sewer    | Killed Grinder
  4702 | Sewer    | Identified a scroll of acquirement
  4702 | Sewer    | Acquired a +0 pair of gloves of hurling
  4887 | D:6      | Reached skill level 5 in Axes
  5009 | D:6      | Found a broken altar of Ashenzari.
  5013 | D:6      | Saw a vision of the Shoals and the Snake Pit.
  5013 | D:6      | Noticed a sea snake
  5013 | D:6      | Noticed a black mamba
  5013 | D:6      | Noticed a merfolk impaler
  5013 | D:6      | Noticed a merfolk
  5013 | D:6      | Noticed a black mamba
  5013 | D:6      | Noticed a black mamba
  5013 | D:6      | Noticed a sea snake
  5013 | D:6      | Noticed an anaconda
  5013 | D:6      | Noticed a water elemental
  5013 | D:6      | Noticed a black mamba
  5013 | D:6      | Noticed a black mamba
  5393 | D:7      | Reached XP level 9. HP: 61/68 MP: 9/9
  6507 | D:7      | Found a staircase to the Ecumenical Temple.
  6518 | Temple   | Entered the Ecumenical Temple
  6745 | Temple   | Became a worshipper of Trog the Wrathful
  7505 | D:8      | Reached skill level 5 in Dodging
  7793 | D:8      | Found a staircase to the Lair.
  7921 | D:8      | Found a glowing golden altar of the Shining One.
  7940 | D:8      | Reached XP level 10. HP: 42/77 MP: 10/10
  8181 | D:8      | Reached skill level 1 in Throwing
  8708 | D:8      | HP: 1/77 [something (8)]
  8709 | D:8      | Slain by a vampire

Illustrated notes

Levels and vault maps discovered:
D:1:      wander_arrival_desolate, layout_rooms, serial_shops, shop,
          nicolae_shop_bloodbath_and_beyond, nicolae_shop_rolling_square,
          shop_statue, shop, st_stairs_14, amcnicky_mini_rare_corridor_liquid,
          minmay_quantized
D:2:      layout_basic
D:3:      layout_loops_ring, uniq_terence, uniq_pargi
D:4:      layout_basic, grunt_decor_arrowhead
D:5:      layout_loops_ring, vehumet_crystals
D:6:      layout_basic, grunt_ashenzari_visionary
          [grunt_ashenzari_visionary_shoals, grunt_ashenzari_visionary_snake],
          portal_sewer_entry_a
D:7:      minmay_spotlight, layout_layer_cave, minmay_temple_entry_mist
D:8:      layout_basic, mainiacjoe_overflow_chevrons, dpeg_oklobed_lair,
          kennysheep_small_square
Temple:   bh_familiar_temple

Skill      XL: |  1  2  3  4  5  6  7  8  9 10 |
---------------+-------------------------------+-----
Axes           | 3 4 5 6 |  6.4
Fighting       | 4 5 6 |  6.9
Armour         | 4 5 6 |  6.8
Dodging        | 1 2 3 5 |  5.4
Shields        | 4 5 6 |  6.8
Throwing       | 1 |  1.6

Action                     |  1- 3 |  4- 6 |  7- 9 | 10-12 || total
---------------------------+-------+-------+-------+-------++-------
  Melee: War axe           |   111 |    79 |   241 |    52 ||   483
  Throw: Boomerang         |       |       |     6 |       ||     6
    Use: Scroll            |       |       |    12 |       ||    12
         Potion            |       |       |     3 |     1 ||     4
 Armour: Scale mail        |    74 |    28 |    66 |       ||   168
         Chain mail        |       |       |    21 |     6 ||    27
         Plate armour      |       |       |       |    15 ||    15
  Dodge: Dodged            |    82 |    55 |   228 |    22 ||   387
  Block: Buckler           |    39 |    21 |    92 |    14 ||   166
